General information
- name: BNet
- type: Ladder team game (AT/RT)
- host: Battle.net
- saver: sc2no.wc4yes
map: FullScaleAssault
- players: 8
- length: 30:26
- speed: Fast
- version: 1.26 W3XP
- replay type: Public
» download(147 KB)
Players
team 1 (winner)
bLunt.ED (
blue | 26 APM | 738 actions | 28:37)
5 Death Knight
3 Death Coil
2 Unholy Aura
2 Lich
1 Frost Nova
1 Frost Armor
» actions
| Basic commands | 30 | |
| Build / train | 40 | |
| Enter build submenu | 14 | |
| Enter hero's abilities submenu | 7 | |
| Right click | 343 | |
| Select / deselect | 261 | |
| Use ability | 43 | |
738 total
» units
| Acolyte | 2 | |
| Ghoul | 3 | |
| Crypt Fiend | 9 | |
| Frost Wyrm | 4 | |
18 total
» upgrades
| Creature Attack | 2 | |
| Web | 1 | |
| Creature Carapace | 1 | |
4 total
» buildings
| Graveyard | 1 | |
| Crypt | 1 | |
| Ziggurat | 7 | |
| Altar of Darkness | 1 | |
| Tomb of Relics | 1 | |
| Halls of the Dead | 1 | |
| Black Citadel | 1 | |
| Sacrificial Pit | 1 | |
| Boneyard | 2 | |
| Spirit Tower | 5 | |
21 total
» build order
00:18 Graveyard
00:26 Crypt
00:44 Ziggurat
01:01 Altar of Darkness
01:36 Tomb of Relics
02:00 Ziggurat
04:16 Ziggurat
04:54 Halls of the Dead
06:10 Ziggurat
09:58 Black Citadel
10:04 Sacrificial Pit
10:45 Ziggurat
10:49 Ziggurat
12:58 Boneyard
13:02 Boneyard
15:12 Spirit Tower
15:14 Spirit Tower
15:15 Spirit Tower
15:16 Spirit Tower
15:18 Spirit Tower
15:29 Ziggurat
» items
| Rod of Necromancy | 1 | |
| Scroll of Town Portal | 1 | |
2 total

»
Dragon-9 (
purple | 30 APM | 904 actions | 30:26)
4 Lich
2 Frost Nova
2 Frost Armor
» actions
| Assign group hotkey | 55 | |
| Basic commands | 58 | |
| Build / train | 45 | |
| Enter build submenu | 16 | |
| Enter hero's abilities submenu | 5 | |
| Remove unit from queue | 1 | |
| Right click | 392 | |
| Select / deselect | 184 | |
| Select group hotkey | 97 | |
| Use ability | 51 | |
904 total
» units
| Acolyte | 2 | |
| Ghoul | 12 | |
| Crypt Fiend | 2 | |
| Obsidian Statue | 6 | |
| Gargoyle | 3 | |
25 total
» upgrades
| Unholy Strength | 1 | |
| Unholy Armor | 1 | |
| Creature Carapace | 1 | |
| Creature Attack | 1 | |
| Web | 1 | |
| Destroyer Form | 1 | |
6 total
» buildings
| Ziggurat | 9 | |
| Crypt | 1 | |
| Altar of Darkness | 1 | |
| Tomb of Relics | 1 | |
| Graveyard | 1 | |
| Halls of the Dead | 1 | |
| Black Citadel | 1 | |
| Sacrificial Pit | 1 | |
| Slaughterhouse | 2 | |
| Spirit Tower | 2 | |
20 total
» build order
00:09 Ziggurat
00:19 Crypt
00:45 Altar of Darkness
01:17 Tomb of Relics
01:47 Graveyard
02:15 Ziggurat
02:54 Ziggurat
02:59 Ziggurat
03:57 Ziggurat
05:26 Halls of the Dead
07:53 Black Citadel
07:57 Sacrificial Pit
08:29 Ziggurat
09:29 Slaughterhouse
09:33 Slaughterhouse
09:36 Ziggurat
09:40 Ziggurat
09:44 Ziggurat
13:32 Spirit Tower
16:07 Spirit Tower
» items
| Rod of Necromancy | 1 | |
| Sacrificial Skull | 1 | |
| Scroll of Town Portal | 1 | |
3 total

»
sc2no.wc4yes (
teal | 76 APM | 2324 actions | 30:26)
8 Death Knight
3 Death Coil
3 Unholy Aura
1 Animate Dead
1 Death Pact
» actions
| Assign group hotkey | 87 | |
| Basic commands | 292 | |
| Build / train | 76 | |
| ESC pressed | 4 | |
| Enter build submenu | 28 | |
| Enter hero's abilities submenu | 8 | |
| Give item / drop item | 7 | |
| Remove unit from queue | 1 | |
| Right click | 793 | |
| Select / deselect | 292 | |
| Select group hotkey | 664 | |
| Use ability | 72 | |
2324 total
» units
| Acolyte | 19 | |
| Ghoul | 12 | |
| Gargoyle | 16 | |
47 total
» upgrades
| Creature Attack | 3 | |
| Creature Carapace | 3 | |
| Ghoul Frenzy | 1 | |
| Stone Form | 1 | |
8 total
» buildings
| Crypt | 7 | |
| Ziggurat | 9 | |
| Altar of Darkness | 1 | |
| Necropolis | 2 | |
| Tomb of Relics | 3 | |
| Halls of the Dead | 2 | |
| Graveyard | 1 | |
| Nerubian Tower | 1 | |
| Black Citadel | 1 | |
| Sacrificial Pit | 1 | |
| Spirit Tower | 1 | |
| Boneyard | 4 | |
33 total
» build order
00:07 Crypt
00:11 Ziggurat
00:50 Altar of Darkness
01:29 Ziggurat
02:47 Necropolis
03:02 Tomb of Relics
03:09 Ziggurat
04:45 Tomb of Relics
04:46 Ziggurat
05:12 Tomb of Relics
05:13 Ziggurat
05:30 Halls of the Dead
05:30 Halls of the Dead
06:09 Graveyard
06:11 Nerubian Tower
07:20 Necropolis
08:32 Black Citadel
09:01 Sacrificial Pit
09:05 Ziggurat
09:24 Crypt
09:25 Crypt
09:25 Crypt
09:26 Crypt
09:28 Crypt
09:32 Crypt
10:46 Ziggurat
10:47 Ziggurat
10:48 Ziggurat
18:35 Spirit Tower
28:52 Boneyard
28:53 Boneyard
28:54 Boneyard
» items
| Rod of Necromancy | 1 | |
| Orb of Corruption | 1 | |
| Scroll of Town Portal | 3 | |
| Potion of Healing | 1 | |
6 total

»
Reveler (
red | 33 APM | 596 actions | 18:15)
3 Dark Ranger
2 Black Arrow
1 Life Drain
» actions
| Assign group hotkey | 14 | |
| Basic commands | 94 | |
| Build / train | 49 | |
| ESC pressed | 5 | |
| Enter build submenu | 17 | |
| Enter hero's abilities submenu | 3 | |
| Remove unit from queue | 1 | |
| Right click | 136 | |
| Select / deselect | 170 | |
| Select group hotkey | 88 | |
| Use ability | 19 | |
596 total
» units
| Acolyte | 3 | |
| Ghoul | 21 | |
| Meatwagon | 5 | |
| Crypt Fiend | 1 | |
| Abomination | 2 | |
32 total
» upgrades
| Unholy Strength | 3 | |
| Unholy Armor | 2 | |
| Cannibalize | 1 | |
| Burrow | 1 | |
| Ghoul Frenzy | 1 | |
| Disease Cloud | 1 | |
| Web | 1 | |
10 total
» buildings
| Altar of Darkness | 1 | |
| Ziggurat | 10 | |
| Crypt | 2 | |
| Graveyard | 1 | |
| Halls of the Dead | 1 | |
| Black Citadel | 1 | |
| Slaughterhouse | 2 | |
18 total
» build order
00:14 Altar of Darkness
00:35 Ziggurat
00:51 Crypt
01:06 Graveyard
01:35 Ziggurat
01:53 Crypt
02:49 Ziggurat
02:51 Ziggurat
06:08 Halls of the Dead
07:32 Ziggurat
07:34 Ziggurat
07:35 Ziggurat
08:29 Black Citadel
09:27 Ziggurat
09:29 Ziggurat
09:31 Ziggurat
09:41 Slaughterhouse
11:42 Slaughterhouse
team 2 (loser)

»
fallenavenger (
green | 57 APM | 390 actions | 06:51)
2 Archmage
1 Summon Water Elemental
1 Brilliance Aura
» actions
| Assign group hotkey | 25 | |
| Build / train | 30 | |
| Enter build submenu | 18 | |
| Enter hero's abilities submenu | 2 | |
| Right click | 89 | |
| Select / deselect | 95 | |
| Select group hotkey | 101 | |
| Use ability | 30 | |
390 total
» units
» upgrades
» buildings
| Farm | 4 | |
| Altar of Kings | 1 | |
| Barracks | 1 | |
| Scout Tower | 7 | |
| Arcane Tower | 1 | |
| Lumber Mill | 1 | |
| Arcane Vault | 1 | |
| Keep | 1 | |
| Guard Tower | 2 | |
19 total
» build order
00:24 Farm
00:27 Altar of Kings
00:31 Farm
00:52 Barracks
01:38 Scout Tower
01:55 Farm
02:15 Arcane Tower
02:28 Farm
02:54 Lumber Mill
04:14 Arcane Vault
05:25 Keep
05:59 Scout Tower
06:01 Scout Tower
06:02 Scout Tower
06:06 Scout Tower
06:08 Scout Tower
06:26 Guard Tower
06:29 Scout Tower
06:32 Guard Tower
Mildebas (
yellow | 38 APM | 267 actions | 06:59)
1 Death Knight
1 Unholy Aura
» actions
| Assign group hotkey | 9 | |
| Build / train | 19 | |
| Enter build submenu | 11 | |
| Enter hero's abilities submenu | 1 | |
| Right click | 68 | |
| Select / deselect | 75 | |
| Select group hotkey | 73 | |
| Use ability | 11 | |
267 total
» units
| Acolyte | 2 | |
| Ghoul | 11 | |
| Crypt Fiend | 1 | |
14 total
» buildings
| Ziggurat | 5 | |
| Altar of Darkness | 1 | |
| Crypt | 2 | |
| Graveyard | 1 | |
| Halls of the Dead | 1 | |
| Nerubian Tower | 1 | |
| Spirit Tower | 1 | |
12 total
» build order
00:11 Ziggurat
00:17 Altar of Darkness
00:26 Crypt
01:10 Crypt
01:48 Graveyard
02:07 Ziggurat
03:59 Halls of the Dead
04:13 Ziggurat
04:54 Nerubian Tower
05:23 Ziggurat
05:37 Spirit Tower
06:39 Ziggurat
unix_solo (
orange | 37 APM | 247 actions | 06:35)
2 Archmage
1 Summon Water Elemental
1 Brilliance Aura
» actions
| Build / train | 20 | |
| Enter build submenu | 6 | |
| Enter hero's abilities submenu | 2 | |
| Right click | 133 | |
| Select / deselect | 72 | |
| Use ability | 14 | |
247 total
» units
» upgrades
» buildings
| Farm | 2 | |
| Altar of Kings | 1 | |
| Blacksmith | 1 | |
| Lumber Mill | 1 | |
| Town Hall | 1 | |
6 total
» build order
00:55 Farm
00:59 Altar of Kings
01:24 Farm
01:33 Blacksmith
02:02 Lumber Mill
04:22 Town Hall
xXxPLoSiVe (
pink | 95 APM | 2904 actions | 30:25)
4 Priestess of the Moon
2 Trueshot Aura
2 Searing Arrows
» actions
| Assign group hotkey | 104 | |
| Basic commands | 16 | |
| Build / train | 78 | |
| Enter build submenu | 29 | |
| Enter hero's abilities submenu | 4 | |
| Remove unit from queue | 12 | |
| Right click | 450 | |
| Select / deselect | 1145 | |
| Select group hotkey | 1022 | |
| Use ability | 43 | |
2904 total
» units
| Wisp | 16 | |
| Crypt Fiend | 1 | |
| Chimaera | 9 | |
| Gargoyle | 3 | |
| Hippogryph | 9 | |
| Druid of the Talon | 13 | |
51 total
» upgrades
| Strength of the Wild | 3 | |
| Corrosive Breath | 1 | |
| Druid of the Talon Training | 2 | |
| Reinforced Hides | 2 | |
| Mark of the Talon | 1 | |
9 total
» buildings
| Altar of Elders | 1 | |
| Moon Well | 10 | |
| Tree of Ages | 1 | |
| Hunter's Hall | 1 | |
| Ancient Protector | 5 | |
| Tree of Eternity | 1 | |
| Ancient of Wind | 2 | |
| Chimaera Roost | 2 | |
| Tree of Life | 3 | |
26 total
» build order
00:20 Altar of Elders
00:22 Moon Well
01:54 Tree of Ages
02:03 Hunter's Hall
03:15 Ancient Protector
03:19 Ancient Protector
03:24 Moon Well
03:31 Ancient Protector
03:34 Ancient Protector
04:19 Tree of Eternity
05:52 Ancient of Wind
07:06 Chimaera Roost
08:17 Moon Well
08:20 Moon Well
09:06 Moon Well
09:11 Moon Well
10:02 Chimaera Roost
10:13 Ancient Protector
10:42 Moon Well
13:41 Moon Well
14:14 Moon Well
20:01 Tree of Life
20:57 Ancient of Wind
26:02 Moon Well
27:23 Tree of Life
28:19 Tree of Life
Chat log
(00:04 / All) xXxPLoSiVe: lo
(00:09 / All) xXxPLoSiVe: 2 hacker from another team
(00:09 / Allies) sc2no.wc4yes: holy undead
(00:16 / Allies) sc2no.wc4yes: you guys wanna do somethign zany
(00:19 / Allies) sc2no.wc4yes: like 50 food ghoul rush
(00:28 / Allies) sc2no.wc4yes: pls respond
(00:30 / Allies) Reveler: this map's not great for rushing
(00:39 / Allies) Dragon-9: never works, but sure
(00:47 / Allies) sc2no.wc4yes: ok
(00:48 / Allies) sc2no.wc4yes: im sold
(00:54 / Allies) sc2no.wc4yes: hitting at 50 food with ghouls
(01:05 / Allies) Dragon-9: lich
(01:10 / Allies) Reveler: someone get dreadlord?
(01:13 / Allies) Reveler: for vamp aura
(01:18 / Allies) sc2no.wc4yes: for the 1 hp per melee heal?
(01:20 / Allies) sc2no.wc4yes: overrated
(01:30 / Allies) Reveler: but with bazillion ghouls
(01:31 / Allies) Reveler: adds up
(01:34 / Allies) sc2no.wc4yes: no it doesnt
(01:45 / Allies) Reveler: what do you feel is preferable
(01:49 / Allies) sc2no.wc4yes: its like popping one twentieth of a heal scroll
(02:05 / Allies) Dragon-9: get a rod
(02:12 / All) xXxPLoSiVe: red
(02:14 / All) xXxPLoSiVe: u suck
(02:16 / All) xXxPLoSiVe: leave kid
(02:21 / All) sc2no.wc4yes: whoa
(02:24 / All) sc2no.wc4yes: grudge match alert
(02:26 / All) xXxPLoSiVe: red no
(02:28 / All) xXxPLoSiVe: teal
(02:35 / All) xXxPLoSiVe: red is a noob too
(02:37 / Allies) bLunt.ED: hes techin
(02:39 / Allies) bLunt.ED: fast
(02:55 / Allies) sc2no.wc4yes: we can all tp here
(02:58 / Allies) sc2no.wc4yes: when it finishes
(03:10 / All) xXxPLoSiVe: come rush Me hacks
(03:11 / All) xXxPLoSiVe: im tech
(03:19 / All) sc2no.wc4yes: wat u techign to
(03:26 / All) xXxPLoSiVe: your momma
(03:37 / All) sc2no.wc4yes: aps are never a good idea
(03:45 / All) xXxPLoSiVe: stfu kid
(03:46 / All) xXxPLoSiVe: dont talk
(03:57 / All) sc2no.wc4yes: youre better off paying one of your allies to tower your base
(03:59 / All) sc2no.wc4yes: ap so garbagte
(04:12 / Allies) sc2no.wc4yes: all ready?
(04:18 / Allies) sc2no.wc4yes: everyone tp in and we hall the first guy
(04:22 / Allies) sc2no.wc4yes: all come or it fails
(04:31 / Allies) sc2no.wc4yes: NOW
(05:32 / Allies) sc2no.wc4yes: TECH UR mains all
(05:35 / Allies) sc2no.wc4yes: get web and so on asap
(06:18 / All) xXxPLoSiVe: u guys hack so muck
(06:21 / All) xXxPLoSiVe: Much
(06:24 / All) sc2no.wc4yes: who hacks?
(06:24 / All) sc2no.wc4yes: u?
(06:26 / All) sc2no.wc4yes: easy report
(06:27 / All) Reveler: if you call you sucking a hack, sure
(06:27 / All) xXxPLoSiVe: no
(06:29 / All) xXxPLoSiVe: U
(06:30 / All) xXxPLoSiVe: blund
(06:35 / All) xXxPLoSiVe: me suck?
(06:37 / All) xXxPLoSiVe: stfu red
(06:40 / All) fallenavenger: nah, seems kinda fishy
(06:40 / All) xXxPLoSiVe: u always be a noob
(06:48 / All) fallenavenger: i wish i could hack a game after ten years its out
(06:50 / All) Reveler: check the scoreboard bro
(06:53 / All) Reveler: we'll see
(07:00 / All) sc2no.wc4yes: those aps will be a game changer
(07:45 / Allies) Dragon-9: lame blue went fiends....
(07:54 / Allies) sc2no.wc4yes: hes a robot
(07:58 / Allies) sc2no.wc4yes: it cant be helped
(11:28 / All) Reveler: hmmm pink i wonder if you might win
(11:33 / All) Reveler: it's probably a toss up at this point
(11:36 / All) sc2no.wc4yes: im joining pinks team
(11:38 / All) sc2no.wc4yes: he needs the help
(12:11 / Allies) Reveler: get chims
(13:38 / All) sc2no.wc4yes: go hit with chims
(13:40 / All) sc2no.wc4yes: im helping u
(14:21 / All) sc2no.wc4yes: you u understand english?
(14:27 / All) xXxPLoSiVe: sure
(14:31 / All) xXxPLoSiVe: why u want
(14:31 / All) sc2no.wc4yes: go hit
(14:33 / All) sc2no.wc4yes: bottom base
(14:35 / Allies) bLunt.ED: kill teal
(15:27 / Allies) Reveler: well all right. i'm gonna go watch some tv and leave the game on
(15:30 / All) sc2no.wc4yes: go hit
(15:31 / All) sc2no.wc4yes: bottom base
(15:33 / All) sc2no.wc4yes: im tking retard
(15:35 / Allies) Dragon-9: ditto
(15:36 / All) sc2no.wc4yes: i cant win this for you alone
(15:42 / Allies) Reveler: doesn't matter
(15:46 / Allies) Dragon-9: yup
(15:53 / Allies) Reveler: if it's a loss it's a loss
(16:03 / Allies) Reveler: but in any event, if you want the win
(16:06 / Allies) Reveler: i'll get it for free
(16:12 / Allies) Reveler: 0 work
(17:03 / All) sc2no.wc4yes: hit
(17:04 / All) sc2no.wc4yes: hit
(17:13 / All) sc2no.wc4yes: get his main
(17:14 / All) sc2no.wc4yes: i get his worekrs
(17:24 / Allies) bLunt.ED: teal i bs u every game match with u
(17:25 / Allies) bLunt.ED: fagget
(17:34 / Allies) sc2no.wc4yes: dotn care
(17:36 / Allies) sc2no.wc4yes: fioend abusing hacker
(17:50 / All) sc2no.wc4yes: get next guys mian
(18:24 / All) sc2no.wc4yes: get next guys main
(18:26 / All) sc2no.wc4yes: ill kill the wyrms
(18:46 / All) xXxPLoSiVe: need my hero
(18:50 / All) sc2no.wc4yes: for what
(20:34 / All) sc2no.wc4yes: my team has no workers
(20:35 / All) sc2no.wc4yes: and no mains
(20:39 / All) sc2no.wc4yes: any time you want to win you can now
(23:03 / All) sc2no.wc4yes: come kill buildings
(23:07 / All) sc2no.wc4yes: garg damage stinks for it
(23:10 / All) xXxPLoSiVe: sec
(24:50 / All) sc2no.wc4yes: lmao hes still fighting back
(25:19 / Allies) bLunt.ED: time to drophack
(25:22 / Allies) bLunt.ED: brb let me load
(25:24 / Allies) sc2no.wc4yes: LOL
(25:30 / Allies) sc2no.wc4yes: why not do it when game starts
(27:44 / Allies) sc2no.wc4yes: hes seriously creeping a green spot
(27:48 / Allies) sc2no.wc4yes: this guy is beyond retarded
(28:49 / All) sc2no.wc4yes: you shoulda hit when you had the chnce
(29:39 / All) xXxPLoSiVe: let me win
(29:43 / All) xXxPLoSiVe: i need ne icon
(29:44 / All) xXxPLoSiVe: plz
(29:44 / All) sc2no.wc4yes: no youre retarded
(29:49 / All) sc2no.wc4yes: you took 40 minutes to creep a green spot
(29:55 / All) Dragon-9: be my bitch teal
(29:56 / All) sc2no.wc4yes: i dont even understand what happend to your chims
(30:00 / All) Dragon-9: get my win, thx
(30:04 / All) xXxPLoSiVe: i kill
(30:07 / All) xXxPLoSiVe: lol
(30:07 / Allies) sc2no.wc4yes: the only one i wanted to stab was blunt.ed
(30:12 / Allies) sc2no.wc4yes: dirty maphacking fiend bot